 Dungeon Crawl Stone Soup version 0.29.1-1-gd02db6906a (webtiles) character file.

Game seed: 14791148922565354712

34225 groovy9 the Marksant (level 14, -8/88 HPs)
             Began as a Formicid Hunter on Sept 18, 2022.
             Was a High Priest of Hepliaklqana.
             Mangled by an alligator (18 damage)
             ... on level 4 of the Lair of Beasts.
             The game lasted 01:07:30 (12964 turns).

groovy9 the Marksant (Formicid Hunter)             Turns: 12964, Time: 01:07:31

Health: -8/88      AC: 15    Str: 21    XL:     14   Next: 12%
Magic:  20/20      EV: 13    Int:  8    God:    Hepliaklqana [*****.]
Gold:   179        SH: 11    Dex: 25    Spells: 9/13 levels left

rFire   . . .      SeeInvis +   a - +0 shortbow (freeze)
rCold   + + .      Faith    .   I - +0 buckler
rNeg    . . .      Spirit   .   p - +7 Kryia's mail coat {PotionHeal*2 rC+}
rPois   +          Reflect  +   (helmet unavailable)
rElec   .          Harm     .   F - scarf {repulsion}
rCorr   .          Rampage  .   (no gloves)
Will    +....                   c - +0 pair of boots
Stlth   ++........              M - amulet "Yshreid" {Reflect Str+3 Dex+4 SH+5}
HPRegen 0.24/turn               y - ring of poison resistance
MPRegen 0.17/turn               A - ring of protection from cold

@: repel missiles
A: reduced essence, permanent stasis, dig shafts and tunnels, antennae 3, four
strong arms
a: Dig, Shaft Self, Renounce Religion, Recall Ancestor, Ancestor Identity,
Transference, Idealise


You were on level 4 of the Lair of Beasts.
You worshipped Hepliaklqana.
Hepliaklqana was extremely pleased with you.
You visited 3 branches of the dungeon, and saw 16 of its levels.

You collected 1083 gold pieces.
You spent 904 gold pieces at shops.

Inventory:

Hand Weapons
 a - a +0 shortbow of freezing (weapon)
Armour
 c - a +0 pair of boots (worn)
 p - the +7 Kryia's mail coat (worn) {PotionHeal*2 rC+}
   (You found it on level 6 of the Dungeon)

   Potions are twice as effective at healing its wearer.
   rC:        It protects you from cold.
 F - a scarf of repulsion (worn)
 I - a +0 buckler (worn)
Jewellery
 s - a +6 ring of intelligence
 x - a ring of flight
 y - a ring of poison resistance (left hand)
 A - a ring of protection from cold (right hand)
 J - a ring of resist corrosion
 M - the amulet "Yshreid" (around neck) {Reflect Str+3 Dex+4 SH+5}
   (You acquired it on level 8 of the Dungeon)

   [amulet of reflection]

   It reflects blocked missile attacks.
   Str:       It affects your strength (+3).
   Dex:       It affects your dexterity (+4).
   SH:        It affects your SH (+5).
Wands
 m - a wand of flame (11)
 o - a wand of mindburst (9)
 t - a wand of acid (7)
 B - a wand of polymorph (1)
 D - a wand of roots (18)
Scrolls
 b - 2 scrolls of immolation
 i - a scroll of noise
 r - a scroll of magic mapping
 u - 4 scrolls of poison
 z - 4 scrolls of amnesia
 G - 4 scrolls of identify
Potions
 d - a potion of ambrosia
 e - 5 potions of might
 f - 5 potions of curing
 g - 2 potions of haste
 h - a potion of magic
 l - a potion of flight
 q - 4 potions of attraction
 C - 2 potions of brilliance
Miscellaneous
 H - a lightning rod (4/4)


   Skills:
 + Level 5.6 Fighting
 + Level 16.9 Ranged Weapons
 + Level 4.9 Armour
 - Level 4.2 Dodging
 - Level 5.8 Stealth
 + Level 2.0 Shields
 + Level 6.4 Transmutations
 + Level 7.0 Earth Magic
 + Level 8.8 Invocations
 + Level 8.1 Evocations


You had 9 spell levels left.
You knew the following spells:

 Your Spells              Type           Power      Damage    Failure   Level
a - Passwall              Tmut/Erth      8%         N/A       13%         2
b - Wereblood             Tmut           10%        N/A       16%         2

Your spell library contained the following spells:

 Spells                   Type           Power      Damage    Failure   Level
 Sandblast                Erth           22%        2d7       8%          1
 Beastly Appendage        Tmut           20%        N/A       10%         1
 Stone Arrow              Conj/Erth      10%        3d7       69%         3
 Spider Form              Tmut/Pois      5%         N/A       75%         3
 Shock                    Conj/Air       0%         1d3       80%         1
 Ensorcelled Hibernation  Hex/Ice        0%         N/A       91%         2
 Airstrike                Air            0%         2d(0-16)  100%        4
 Anguish                  Hex/Necr       0%         N/A       100%        4
 Swiftness                Air            Unusable   N/A       N/A         3

Dungeon Overview and Level Annotations

Branches:
Dungeon (11/15)            Temple (1/1) D:4            Lair (4/5) D:9
 Shoals (0/4) Lair:2        Snake (0/4) Lair:3        Slime (0/5) Lair:4
    Orc: D:9-12

Altars:
Ashenzari
Cheibriados
Dithmenos
Elyvilon
Fedhas
Gozag
Hepliaklqana
Kikubaaqudgha
Makhleb
Nemelex Xobeh
Okawaru
Qazlal
Ru
Sif Muna
Trog
Uskayaw
Vehumet
Wu Jian
Xom
Yredelemnul
Zin
The Shining One
Jiyva

Shops:
D:3 (   D:5 [[   D:6 *   D:8 ?

Annotations:
D:9 2 transporters, lambentLogic's ghost, novice KoEn
D:11 3 runed translucent doors, XxsatanxX's ghost, journeyman MiBe


Innate Abilities, Weirdness & Mutations

Your life essence is reduced to manifest your ancestor. (-10% HP)
You cannot be hasted, slowed, berserked, paralysed or teleported.
You can dig through walls and to a lower floor.
You have a pair of large antennae on your head. (SInv)
Your four strong arms can wield two-handed weapons with a shield.


Message History

The alligator tail-slaps you but does no damage.
Zada hits the alligator with a +0 flail.
You block the alligator's attack. The alligator tail-slaps you!
The alligator bites you but does no damage.
The alligator tail-slaps you but does no damage.
The alligator bites you but does no damage.
You block the alligator's attack.
Okay, then.
As you read the scroll of fog, it crumbles to dust.
The scroll dissolves into smoke.
Zada hits the alligator with a +0 flail.
You block the alligator's attack.
The alligator tail-slaps you but does no damage.
The alligator bites you!
* * * LOW HITPOINT WARNING * * *
The alligator tail-slaps you but does no damage.
The alligator bites you.
* * * LOW HITPOINT WARNING * * *
The alligator tail-slaps you but does no damage.
You cannot move.
Your magical effects are unravelling.
You feel magically purged.
You feel less wooden.
Your scarf of repulsion unmelds from your body.
Your +0 pair of boots unmelds from your body.
The +7 Kryia's mail coat {PotionHeal*2 rC+} unmelds from your body.
You are surrounded by a repulsion field.
Your attunement to healing potions increases.
You block the alligator's attack.
The alligator tail-slaps you but does no damage.
You block the alligator's attack. x2
Zada hits the alligator with a +0 flail!
You block the alligator's attack.
The alligator tail-slaps you but does no damage.
The alligator attacks as you move away! The alligator bites you.
* * * LOW HITPOINT WARNING * * *
The alligator tail-slaps you.
* * * LOW HITPOINT WARNING * * *
The alligator attacks as you move away! The alligator bites you!!
You die...

....~~....######≈#≈≈≈≈.≈≈≈≈≈≈#≈
....~~≈..P##..##≈≈≈≈≈~.≈~≈≈≈≈≈$
..~~~~~~..#.....≈≈≈#≈~≈.##≈≈≈#!
.....~~.†.......≈≈≈≈≈≈≈.P≈≈≈≈.$
...~~.....#.....≈≈#.≈≈~..≈≈P.~#
...~~~≈~.#......≈≈≈P≈≈#≈.≈≈.~≈≈
..~≈~~~.~##...§§§§§.~##~.≈.≈≈≈≈
###~≈≈~~.##...§§§t§~~~~~.~.≈≈≈≈
≈≈~~≈~...#####§@tR#~.≈.≈.≈≈≈≈≈
≈≈~~≈~≈~..# #§§t§≈P#.≈~P≈≈≈#≈
≈≈.≈≈~.~..# #§§#≈§≈≈...~≈#≈#
≈≈≈~~.~..## ##≈≈#≈≈≈~.≈≈≈≈#≈≈
## ##≈≈≈#≈P~.~≈≈≈≈≈ ..
#≈≈≈#≈~.P.~P≈# ...### {
#≈#≈≈P..≈~.≈≈. #.P#.
#≈##~~~.≈≈~.≈ ....


You could see the friendly Zada the knight and 3 alligators.

Vanquished Creatures
  2 hydras
  A two-headed ogre (D:10)
  Urug (D:10)
  2 manticores (D:8)
  An ugly thing (D:10)
  3 merfolk sirens (Lair:2)
  7 elephants
  A gargoyle (D:11)
  A torpor snail (Lair:1)
  4 black mambas
  A cane toad (Lair:3)
  4 komodo dragons
  A troll (D:9)
  A tyrant leech (Lair:4)
  A dream sheep (Lair:1)
  2 blink frogs (Lair:3)
  3 wyverns
  Eustachio (D:5)
  7 spriggans (Lair:1)
  15 yaks
  A fire bat (D:6)
  2 basilisks
  Edmund (D:6)
  A vampire mosquito (Lair:4)
  A steam dragon (D:10)
  A swamp worm (Lair:4)
  An acid dragon (D:9)
  9 water moccasins
  A sky beast (D:6)
  6 black bears
  An ice beast (D:6)
  An orc warrior (D:11)
  An ogre (D:4)
  6 wolves
  2 centaurs
  2 kobold brigands
  8 bullfrogs
  2 necrophages
  A scorpion (D:5)
  A wight (D:9)
  23 killer bees
  A quasit (D:7)
  An orc priest (D:8)
  3 hounds
  2 jellies
  3 iguanas
  Natasha (twice) (D:1)
  2 orc wizards (D:9)
  5 hell rats (Lair:1)
  3 adders
  4 gnolls
  A shadow imp (D:7)
  4 white imps
  4 ufetubi (D:7)
  3 worms
  2 dart slugs
  10 orcs
  6 ball pythons
  5 bats
  4 endoplasms
  5 giant cockroaches
  6 goblins
  3 hobgoblins (D:1)
  2 jackals (D:3)
  4 quokkas
  3 frilled lizards
  19 kobolds
  A rat (D:3)
239 creatures vanquished.

Vanquished Creatures (collateral kills)
  Fannar (Lair:2)
  A hydra (Lair:2)
  2 two-headed ogres
  A cyclops (D:11)
  A deep elf pyromancer (D:8)
  A black mamba (shapeshifter) (D:10)
  7 elephants
  A gargoyle (D:10)
  2 cane toads (Lair:1)
  3 komodo dragons
  A kobold demonologist (D:11)
  2 trolls (D:8)
  A polar bear (Lair:4)
  A merfolk (Lair:2)
  A hornet (D:8)
  A blink frog (Lair:3)
  A dream sheep (Lair:1)
  2 wyverns (D:9)
  5 spriggans (Lair:1)
  6 yaks
  2 basilisks
  A steam dragon (D:8)
  A naga (Lair:3)
  3 water moccasins
  An orc warrior (D:9)
  A black bear (Lair:2)
  An ogre (D:6)
  3 wolves
  A centaur (D:9)
  A phantom (D:7)
  2 bullfrogs
  A gnoll sergeant (D:9)
  A scorpion (D:6)
  2 wights (D:9)
  9 killer bees
  A howler monkey (D:7)
  A quasit (D:7)
  A hound (D:5)
  An orc wizard (D:11)
  A gnoll (D:9)
  A shadow imp (D:5)
  3 ufetubi (D:7)
  2 orcs
  3 kobolds (D:7)
85 creatures vanquished.

Vanquished Creatures (others)
  7 knights
  5 ancestors
  4 demonic plants (D:7)
  12 fungi
  7 plants
35 creatures vanquished.

Grand Total: 359 creatures vanquished

Notes
Turn   | Place    | Note
-------+----------+-------------------------------------------
     0 | D:1      | groovy9 the Formicid Hunter began the quest for the Orb.
     0 | D:1      | Reached XP level 1. HP: 16/16 MP: 1/1
    24 | D:1      | Reached XP level 2. HP: 23/23 MP: 2/2
   415 | D:1      | Reached skill level 1 in Armour
   421 | D:1      | Reached XP level 3. HP: 28/28 MP: 3/3
   862 | D:2      | Noticed Natasha
  1119 | D:1      | Killed Natasha
  1120 | D:1      | Reached XP level 4. HP: 20/34 MP: 4/4
  1212 | D:1      | Noticed Natasha
  1216 | D:1      | Killed Natasha
  1409 | D:2      | Found a faded altar of an unknown god.
  1821 | D:2      | Reached XP level 5. HP: 40/40 MP: 5/5
  2508 | D:3      | Found Guckeosenk's Weapon Shop.
  2539 | D:3      | Found a shimmering altar of Xom.
  2539 | D:3      | Found an iron altar of Okawaru.
  2804 | D:4      | Found a staircase to the Ecumenical Temple.
  2815 | Temple   | Entered the Ecumenical Temple
  2861 | Temple   | Became a worshipper of Hepliaklqana the Forgotten
  2993 | D:4      | Reached skill level 5 in Ranged Weapons
  3114 | D:4      | Reached XP level 6. HP: 41/47 MP: 6/6
  3130 | D:4      | Found a hide-covered altar of Uskayaw.
  3329 | D:5      | Entered Level 5 of the Dungeon
  3332 | D:5      | Noticed an ogre
  3346 | D:4      | Killed an ogre
  3459 | D:5      | Found Pyazuv's Antique Armour Shoppe.
  3467 | D:5      | Bought a runed leather armour for 120 gold pieces
  3478 | D:5      | Bought a pair of boots for 108 gold pieces
  3573 | D:5      | Reached XP level 7. HP: 49/53 MP: 7/7
  3787 | D:5      | Reached * piety under Hepliaklqana
  3869 | D:5      | Reached skill level 6 in Ranged Weapons
  4023 | D:5      | Found Ytamer's Antique Armour Boutique.
  4175 | D:5      | Reached XP level 8. HP: 54/54 MP: 8/8
  4234 | D:5      | Noticed Eustachio
  4250 | D:5      | Killed Eustachio
  4251 | D:5      | Reached skill level 5 in Stealth
  4272 | D:5      | Found a broken altar of Ashenzari.
  4294 | D:5      | Found a sacrificial altar of Ru.
  4435 | D:6      | Noticed Edmund
  4457 | D:6      | Killed Edmund
  4565 | D:6      | Found the +7 Kryia's mail coat {PotionHeal*2 rC+}
  4607 | D:6      | Found Qamymyen's Serpentskin Sales.
  4614 | D:6      | Reached skill level 5 in Fighting
  4614 | D:6      | Reached skill level 7 in Ranged Weapons
  4701 | D:6      | Reached XP level 9. HP: 61/61 MP: 9/9
  4900 | D:6      | Reached skill level 8 in Ranged Weapons
  5320 | D:7      | Reached skill level 9 in Ranged Weapons
  5743 | D:7      | Found a glowing silver altar of Zin.
  5743 | D:7      | Noticed an angel
  5757 | D:7      | Reached ** piety under Hepliaklqana
  5758 | D:7      | Remembered your ancestor Zada as a knight
  5959 | D:8      | Noticed a troll
  5964 | D:8      | Killed a troll
  5965 | D:8      | Reached skill level 10 in Ranged Weapons
  5965 | D:8      | Reached XP level 10. HP: 66/66 MP: 10/10
  6006 | D:8      | Found Hufeim's Magic Scroll Emporium.
  6023 | D:8      | Reached skill level 11 in Ranged Weapons
  6143 | D:8      | Noticed a manticore
  6145 | D:8      | Noticed a manticore
  6213 | D:8      | Noticed a deep elf pyromancer
  6226 | D:8      | Killed a deep elf pyromancer
  6274 | D:8      | Killed a manticore
  6275 | D:8      | Reached skill level 12 in Ranged Weapons
  6414 | D:8      | Killed a manticore
  6709 | D:9      | Reached skill level 13 in Ranged Weapons
  6771 | D:9      | Reached XP level 11. HP: 66/72 MP: 11/11
  6818 | D:9      | Found a staircase to the Lair.
  6996 | D:9      | Reached skill level 1 in Invocations
  6996 | D:9      | Reached skill level 1 in Evocations
  7123 | D:9      | Noticed lambentLogic's ghost (novice KoEn)
  7124 | D:9      | Found a transporter.
  7124 | D:9      | Found a transporter.
  7127 | D:9      | Noticed a two-headed ogre
  7127 | D:9      | Noticed a two-headed ogre
  7127 | D:9      | Noticed a two-headed ogre
  7128 | D:9      | Noticed a two-headed ogre
  7174 | D:9      | Noticed a two-headed ogre
  7179 | D:9      | Killed a two-headed ogre
  7180 | D:9      | Reached skill level 14 in Ranged Weapons
  7201 | D:9      | Identified the +1 giant club "Fielodd" {speed, rF+ rC+
                  | Dex+3}
  7201 | D:9      | Noticed a two-headed ogre
  7410 | D:9      | Reached *** piety under Hepliaklqana
  7510 | D:10     | Entered Level 10 of the Dungeon
  7774 | D:10     | Noticed a brown ugly thing
  7783 | D:10     | Killed a brown ugly thing
  7841 | D:10     | Found a shadowy altar of Dithmenos.
  7858 | D:10     | Noticed a two-headed ogre
  7865 | D:10     | Killed a two-headed ogre
  7947 | D:10     | Noticed a two-headed ogre
  7951 | D:10     | Killed a two-headed ogre
  8139 | D:10     | Noticed Urug
  8152 | D:10     | Killed Urug
  8153 | D:10     | Reached skill level 5 in Invocations
  8553 | D:10     | Learned a level 2 spell: Passwall
  8625 | D:11     | Noticed a cyclops
  8631 | D:11     | Killed a cyclops
  8632 | D:11     | Reached XP level 12. HP: 77/77 MP: 15/15
  8638 | D:11     | Reached skill level 15 in Ranged Weapons
  8638 | D:11     | Reached skill level 1 in Earth Magic
  8664 | D:11     | Reached **** piety under Hepliaklqana
  8692 | D:11     | Reached skill level 1 in Transmutations
  8747 | D:11     | Reached skill level 5 in Evocations
  8839 | D:11     | Found a runed translucent gate.
  8839 | D:11     | Found a runed translucent gate.
  8839 | D:11     | Found a runed translucent gate.
  8841 | D:11     | Noticed a great orb of eyes
  8842 | D:11     | Found a viscous altar of Jiyva.
  8842 | D:11     | Noticed XxsatanxX's ghost (journeyman MiBe)
  8875 | D:11     | Noticed a boulder beetle
  9063 | Lair:1   | Entered Level 1 of the Lair of Beasts
 10060 | Lair:1   | Noticed a four-headed hydra
 10066 | Lair:1   | Killed a four-headed hydra
 10416 | Lair:1   | Reached XP level 13. HP: 76/77 MP: 18/18
 10624 | Lair:2   | Noticed Fannar
 10640 | Lair:2   | Reached skill level 16 in Ranged Weapons
 10640 | Lair:2   | Reached skill level 5 in Earth Magic
 10648 | Lair:2   | Killed Fannar
 10802 | Lair:2   | Reached skill level 5 in Transmutations
 11182 | Lair:2   | Found a staircase to the Shoals.
 11299 | Lair:2   | Noticed a four-headed hydra
 11317 | Lair:2   | Killed a four-headed hydra
 11685 | D:8      | Bought a scroll of acquirement for 676 gold pieces
 11685 | D:8      | Acquired the amulet "Yshreid" {Reflect Str+3 Dex+4 SH+5}
 11893 | Lair:3   | Found a staircase to the Snake Pit.
 12218 | Lair:3   | Noticed a four-headed hydra
 12226 | Lair:3   | Killed a four-headed hydra
 12297 | Lair:3   | Identified the +12 hand axe "Huta" {speed, rF+ MP+9 Dex+5
                  | Stlth-}
 12382 | Lair:3   | Reached ***** piety under Hepliaklqana
 12443 | Lair:3   | Learned a level 2 spell: Wereblood
 12649 | Lair:4   | Found a staircase to the Slime Pits.
 12762 | Lair:4   | Reached skill level 1 in Shields
 12782 | Lair:4   | Reached XP level 14. HP: 81/83 MP: 18/20
 12964 | Lair:4   | Mangled by an alligator

Illustrated notes

Levels and vault maps discovered:
D:1:      wander_arrival_peaceful_grave, layout_basic, serial_bayou_pond_e,
          minmay_misc_feat_secret_circle
D:2:      layout_loops_ring, basic_ecumenical_altar, uniq_natasha
D:3:      layout_loops_ring, nicolae_overflow_two_pavilions, serial_shops, shop
D:4:      layout_rooms, mainiacjoe_overflow_paths, minmay_temple_entry_wispy,
          minmay_stone_trees_small
D:5:      layout_basic, lemuel_round_altar, mainiacjoe_overflow_alcove_4,
          serial_shops, nicolae_shop_window_shopping, shop, grunt_tough_drop,
          uniq_eustachio
D:6:      layout_loops_ring, guppyfry_shop_venom, uniq_edmund
D:7:      layout_loops_cross, zin_angel, serial_demonic, serial_demonic_a,
          serial_demonic_f, serial_demonic_b, serial_demonic_b,
          serial_demonic_a, serial_demonic_g, serial_demonic_c, serial_demonic_g
D:8:      minmay_bloctagon_deflated, layout_basic, serial_shops, shop_statue,
          minmay_misc_feat_doors, minmay_tree_intersection
D:9:      layout_roguey, erik_lair_dragon, gammafunk_ghost_smash
D:10:     layout_basic, mainiacjoe_overflow_catwalk, serial_glass,
          glass_columns_a, glass_columns_c, item_on_display_a, feat_on_display,
          item_on_display_a, due_unseen_surprise, serial_bayou_crossing,
          uniq_urug
D:11:     layout_roguey, orc_0_dummy, portal_ice_cave_entry_pillars_1,
          gammafunk_ghost_ooze
Temple:   nicolae_temple_superstar
Lair:1:   wad_woods_minihive, layout_cellular_growth, minmay_holes
Lair:2:   layout_regular_city, elwin_shoals_entry_stream, evilmike_ambush
          [evilmike_ambush_outer_corners, evilmike_ambush_inner_basic],
          uniq_fannar
Lair:3:   layout_cellular_growth, guppyfry_snake_entry_island
Lair:4:   onia_ninara_swampy_vault, layout_gridlike, slime_entry_1,
          minivault_26, chequers_serial_rivers_large_a,
          infiniplex_staircase_pool

Skill      XL: |  1  2  3  4  5  6  7  8  9 10 11 12 13 14 |
---------------+-------------------------------------------+-----
Dodging        | 2 3 4 |  4.2
Armour         | 1 2 3 4 |  4.9
Stealth        | 2 3 4 5 |  5.8
Fighting       | 3 4 5 |  5.6
Ranged Weapons | 5 6 7 10 13 14 15 16 | 16.9
Invocations    | 5 6 8 |  8.8
Evocations     | 4 6 7 8 |  8.1
Earth Magic    | 4 6 7 |  7.0
Transmutations | 4 6 |  6.4
Shields        | 1 2 |  2.0

Action                   |  1- 3 |  4- 6 |  7- 9 | 10-12 | 13-15 || total
-------------------------+-------+-------+-------+-------+-------++-------
 Fire: Shortbow          |    53 |   172 |   231 |   566 |   367 ||  1389
 Cast: Passwall          |       |       |       |     2 |       ||     2
Invok: Recall Ancestor   |       |       |     1 |     6 |     8 ||    15
       Ancestor Life: Kn |       |       |     1 |       |       ||     1
       Idealise          |       |       |       |     1 |     1 ||     2
 Abil: Dig               |     2 |     2 |     2 |    25 |    14 ||    45
  Use: Scroll            |       |     9 |     5 |     9 |     4 ||    27
       Potion            |       |     3 |       |     2 |     6 ||    11
Armor: Leather armour    |     6 |    24 |    22 |     2 |       ||    54
       Skin              |       |       |       |     5 |    13 ||    18
       Troll leather arm |       |       |       |    16 |     2 ||    18
       Scale mail        |       |       |       |       |    17 ||    17
Dodge: Dodged            |    16 |    49 |    47 |   104 |    20 ||   236
Block: Buckler           |       |       |       |       |    38 ||    38
